 Dungeon Crawl Stone Soup version 0.30-a0-339-g89bb51ec76 (webtiles) character file.

Game seed: 6531826961837972628

78984 sanka the Summoner (level 14, -2/124 HPs)
             Began as a Demigod Summoner on Oct 31, 2022.
             Slain by a titanic slime creature (126 damage)
             ... on level 13 of the Dungeon.
             The game lasted 01:22:33 (25077 turns).

sanka the Summoner (Demigod Summoner)              Turns: 25077, Time: 01:22:34

Health: -2/124     AC: 10    Str: 15    XL:     14   Next: 79%
Magic:  19/27      EV: 19    Int: 46    God:
Gold:   2045       SH:  0    Dex: 17    Spells: 0/25 levels left

rFire   + . .      SeeInvis +    a - +10 morningstar "Eos" {elec, Halo rElec}
rCold   + . .      Faith    .    (no shield)
rNeg    . . .      Spirit   .    n - +2 robe {rC+ rF+}
rPois   .          Reflect  .    i - +0 helmet
rElec   +          Harm     .    v - +0 cloak
rCorr   .          Rampage  .    Q - +0 pair of gloves
Will    ++...                    N - +2 pair of boots
Stlth   +.........               c - amulet "Amyupt" {RegenMP Will+ Str+2 Int+7}
HPRegen 0.40/turn                P - ring "Duepho" {Str+4 Int+6 Dex+3 Slay+3 SInv}
MPRegen 0.60/turn                S - ring of wizardry

@: glowing
A: high MP 1, forlorn, divine attributes
a: no special abilities


You were on level 13 of the Dungeon.
You visited 3 branches of the dungeon, and saw 20 of its levels.
You also visited: Bailey and Ice Cave.

You collected 3162 gold pieces.
You spent 1117 gold pieces at shops.


Innate Abilities, Weirdness & Mutations

You have an increased reservoir of magic. (+10% MP)
You shall have no god before yourself.
Your divine heritage dramatically boosts your attributes as you level up.


   Skills:
 - Level 11.4 Fighting
 - Level 10.0 Maces & Flails
 - Level 11.4 Dodging
 - Level 1.7 Stealth
 + Level 6.2 Spellcasting
 + Level 14.4 Summonings
 - Level 8.0 Translocations


You couldn't memorise any spells.
You knew the following spells:

 Your Spells              Type           Power      Damage    Failure   Level
c - Call Canine Familiar  Summ           98%        N/A       0%          3
x - Call Imp              Summ           98%        N/A       0%          2
z - Summon Small Mammal   Summ           100%       N/A       0%          1
C - Summon Horrible Thin  Summ           49%        N/A       12%         8
X - Malign Gateway        Summ/Tloc      43%        N/A       6%          7
Z - Summon Lightning Spi  Summ/Air       69%        N/A       1%          4

Your spell library contained the following spells:

 Spells                   Type           Power      Damage    Failure   Level
 Necrotise                Necr           56%        1d6       1%          1
 Sandblast                Erth           28%        2d8       1%          1
 Slow                     Hex            56%        N/A       1%          1
 Cigotuvi's Dreadful Rot  Necr/Pois/Air  28%        N/A       1%          2
 Passwall                 Tmut/Erth      11%        N/A       1%          2
 Portal Projectile        Hex/Tloc       100%       N/A       1%          3
 Summon Guardian Golem    Hex/Summ       69%        N/A       1%          3
 Passage of Golubria      Tloc           73%        N/A       1%          4
 Summon Mana Viper        Hex/Summ       69%        N/A       1%          5
 Dazzling Flash           Conj/Hex       28%        N/A       2%          3
 Ignite Poison            Fire/Tmut/Pois 14%        N/A       2%          3
 Inner Flame              Hex/Fire       14%        N/A       2%          3
 Stone Arrow              Conj/Erth      28%        3d8       2%          3
 Tukima's Dance           Hex            14%        N/A       2%          3
 Vampiric Draining        Necr           14%        2d7       2%          3
 Cause Fear               Hex            7%         N/A       7%          4
 Dispel Undead            Necr           14%        3d10      7%          4
 Flame Wave               Conj/Fire      14%        2d6       7%          4
 Leda's Liquefaction      Hex/Erth       7%         N/A       7%          4
 Sticky Flame             Conj/Fire      14%        2d4       7%          4
 Agony                    Necr           14%        N/A       19%         5
 Blade Hands              Tmut           7%         N/A       19%         5
 Fireball                 Conj/Fire      7%         3d5       19%         5
 Lightning Bolt           Conj/Air       7%         1d19      19%         5
 Silence                  Hex/Air        7%         N/A       19%         5
 Yara's Violent Unravell  Hex/Tmut       7%         3d5       19%         5
 Spellforged Servitor     Conj/Summ      34%        N/A       28%         7
 Death Channel            Necr           7%         N/A       69%         6
 Discord                  Hex            7%         N/A       100%        8
 Ignition                 Fire           7%         3d4       100%        8
 Shatter                  Erth           7%         3d9*      100%        9

Inventory:

Hand Weapons
 a - the +10 morningstar "Eos" (weapon) {elec, Halo rElec}

   It occasionally discharges a powerful burst of electricity upon striking a
   foe.
   It grants its wielder a halo, revealing invisible creatures and increasing
   accuracy against all within it other than the wielder.
   rElec:     It insulates you from electricity.
 b - the +4 dagger "Morg" {pain, Will+ Int+5} In the hands of one skilled in necromantic magic, it inflicts extra damage on living creatures. Int: It affects your intelligence (+5). Will: It increases your willpower.
Missiles
 l - 7 curare-tipped darts {=f}
Armour
 i - a +0 helmet (worn)
 n - a +2 robe of resistance (worn)
 v - a +0 cloak (worn)
 N - a +2 pair of boots (worn)
 Q - a +0 pair of gloves (worn)
Jewellery
 c - the amulet "Amyupt" (around neck) {RegenMP Will+ Str+2 Int+7}

   [amulet of magic regeneration]

   It increases your rate of magic regeneration.
   Str:       It affects your strength (+2).
   Int:       It affects your intelligence (+7).
   Will:      It increases your willpower.
 B - a +4 ring of protection
 I - a +4 ring of evasion
 J - a ring of flight
 K - a ring of ice
 P - the ring "Duepho" (left hand) {Str+4 Int+6 Dex+3 Slay+3 SInv}

   [ring of intelligence]

   Str:       It affects your strength (+4).
   Int:       It affects your intelligence (+6).
   Dex:       It affects your dexterity (+3).
   Slay:      It affects your accuracy & damage with ranged weapons and melee
   (+3).
   SInv:      It lets you see invisible.
 R - the ring "Fuesuin" {rC+ Slay+3}

   [ring of protection from cold]

   Slay:      It affects your accuracy & damage with ranged weapons and melee
   (+3).
   rC:        It protects you from cold.
 S - a ring of wizardry (right hand)
Wands
 k - a wand of paralysis (14)
 u - a wand of mindburst (12)
 A - a wand of iceblast (17)
 G - a wand of flame (21)
Scrolls
 d - 3 scrolls of enchant weapon
 h - 3 scrolls of immolation {!r}
 j - 6 scrolls of fog
 m - a scroll of magic mapping {unknown}
 o - 2 scrolls of brand weapon
 q - a scroll of summoning
 r - 4 scrolls of vulnerability {!r}
 s - 9 scrolls of teleportation {@r4}
 x - 2 scrolls of silence {!r}
 y - 2 scrolls of blinking
 F - 5 scrolls of poison {!r}
 H - 4 scrolls of amnesia
 M - a scroll of torment {!r}
Potions
 e - 6 potions of heal wounds {@q2}
 f - a potion of invisibility {unknown}
 g - 5 potions of cancellation {unknown}
 p - a potion of flight {unknown}
 t - 5 potions of attraction {unknown}
 w - a potion of degeneration {unknown}
 z - 4 potions of magic
 C - 2 potions of mutation {unknown}
 D - 6 potions of curing {unknown}
 E - 2 potions of brilliance {unknown}
 O - 3 potions of lignification {unknown}
Miscellaneous
 L - a phantom mirror

Dungeon Overview and Level Annotations

Branches:
Dungeon (13/15)            Temple (0/1) D:6            Lair (5/5) D:10
 Shoals (0/4) Lair:2       Spider (0/4) Lair:3        Slime (0/5) Lair:4
    Orc (2/2) D:12            Elf (0/3) Orc:2        Vaults (0/5) D:13
 Bailey (visited)           IceCv (visited)

Shops:
D:3 [   Orc:1 (   Orc:2 =(::

Annotations:
Lair:2 3 runed translucent doors, Okkes's ghost, journeyman OgSu
Lair:4 1 runed translucent door

▒ ▒ ... ▒.....+ ...
▒.....▒ .... .>....▒
..... ......▒ ▒▒▒▒▒.....
......▒ ▒.........
......▒▒▒▒▒+▒▒▒..J).....
..>.............p.w.....
........................
......▒▒▒▒▒▒............
......▒....▒.......▒▒▒▒▒
......▒....▒.......▒
▒.....'....▒.......▒
▒.....▒▒▒'▒▒.......▒
▒..................▒
...................▒


You could see a titanic slime creature (berserk, fast, strong, ally target) and
a friendly eldritch tentacle.


Message History

Your eldritch tentacle claws the enormous slime creature.
Your eldritch tentacle freezes the enormous slime creature!!
Two slime creatures merge to form a titanic slime creature.
Your eldritch tentacle slaps the titanic slime creature!
The titanic slime creature is engulfed in flames!!
Your eldritch tentacle claws the titanic slime creature.
The titanic slime creature goes berserk!
A two-headed ogre comes into view. It is wielding two +0 giant clubs.
Your eldritch tentacle slaps the titanic slime creature!!
Your eldritch tentacle claws the titanic slime creature!
The titanic slime creature seems to grow stronger.
The titanic slime creature hits your eldritch tentacle!!!!!
With a roar, the tentacle is hauled back through the portal!
The dungeon shakes, a horrible noise fills the air, and a portal to some otherworldly place is opened!
The titanic slime creature completely misses you.
Unknown command.
You puncture the titanic slime creature!
You punch the titanic slime creature!
The titanic slime creature is heavily wounded.
The titanic slime creature closely misses you.
Your eldritch tentacle slaps the two-headed ogre!
Your eldritch tentacle freezes the two-headed ogre!!
Your eldritch tentacle claws the two-headed ogre!
The two-headed ogre dies!
Unknown command.
You completely miss the titanic slime creature.
The titanic slime creature is heavily wounded.
The titanic slime creature hits you!!!!
Ouch! That really hurt!
You die...

Action                   |  1- 3 |  4- 6 |  7- 9 | 10-12 | 13-15 || total
-------------------------+-------+-------+-------+-------+-------++-------
Melee: Dagger            |    75 |       |   226 |       |       ||   301
       Long sword        |    27 |    58 |    55 |       |       ||   140
       Punch             |       |       |     7 |     1 |    10 ||    18
       Morningstar       |       |       |    14 |   314 |   283 ||   611
 Cast: Summon Small Mamm |    17 |       |       |       |       ||    17
       Call Imp          |    13 |     8 |     8 |     6 |     1 ||    36
       Call Canine Famil |     2 |    13 |    31 |    63 |    48 ||   157
       Summon Lightning  |       |       |       |    63 |    62 ||   125
       Malign Gateway    |       |       |       |       |    16 ||    16
Evoke: Wand              |       |       |       |       |     1 ||     1
  Use: Scroll            |       |       |     6 |     6 |     4 ||    16
       Potion            |       |       |     3 |       |     1 ||     4
 Stab: Sleeping          |     5 |     4 |     1 |       |       ||    10
       Distracted        |     1 |     1 |     4 |     7 |    16 ||    29
Armor: Robe              |    12 |    14 |    68 |    65 |    94 ||   253
       Acid dragon scale |       |       |       |    37 |       ||    37
Dodge: Dodged            |    62 |    43 |   268 |   287 |   361 ||  1021

Levels and vault maps discovered:
D:1:      eino_arrival_druids_welcome, layout_basic,
          chequers_ecumenical_altar_island, minmay_domino_4
D:2:      layout_basic, uniq_natasha, uniq_jessica, uniq_sigmund
D:3:      layout_loops_cross, serial_shops, nicolae_shop_stone,
          minmay_close_crescents
D:4:      layout_basic
D:5:      layout_loops_cross, ebering_ghost_inner_flame, uniq_duvessa
D:6:      lemuel_ratsnest, layout_rooms, minmay_temple_entry_butterflies,
          chequers_jeans, nicolae_figureground_pulse, uniq_menkaure
D:7:      layout_basic, lemuel_crystal_altar, kennysheep_mini, enter_bailey_3,
          st_stairs_5, dilly_guarded_unrand_morg
D:8:      layout_basic
D:9:      wad_woods_minihive, layout_cave_pools
D:10:     layout_cave_pods, mainiacjoe_overflow_alcove_2,
          nicolae_wu_jian_glorious_leap, lair_entry_dummy
D:11:     layout_roguey
D:12:     layout_cave_pools, minmay_orc_entry_temple_small
D:13:     hangedman_screamer, layout_irregular_city, erik_vaults_1
Lair:1:   layout_gridlike, lemuel_fruit_fields
Lair:2:   layout_cave_pods, minmay_shoals_entry_beasts,
          maelrawn_ghost_gauntlet_escape
Lair:3:   layout_gridlike, hellmonk_spider_entry_life_and_decay, special_room
          [special_room_mythical_zoo], portal_ice_cave_entry_pillars_2
Lair:4:   layout_roguey, slime_entry_2
Lair:5:   hangedman_lair_in_review, layout_long_grid,
          hangedman_lair_caniforms_friends, minmay_stone_trees_large,
          infiniplex_staircase_pool_2
Orc:1:    layout_caves, serial_shops, nicolae_shop_bloodbath_and_beyond,
          uniq_sonja
Orc:2:    st_orc_elflike, layout_diamond_mine, nicolae_orc_sculptors_studio

Notes
Turn   | Place    | Note
-------+----------+-------------------------------------------
     0 | D:1      | sanka the Demigod Summoner began the quest for the Orb.
     0 | D:1      | Reached XP level 1. HP: 14/14 MP: 5/5
   221 | D:1      | Reached skill level 2 in Spellcasting
   420 | D:1      | Reached skill level 4 in Summonings
   423 | D:1      | Reached XP level 2. HP: 19/20 MP: 7/7
   722 | D:1      | Learned a level 2 spell: Call Imp
  1194 | D:1      | Reached XP level 3. HP: 26/26 MP: 8/8
  1762 | D:2      | Noticed Natasha
  1768 | D:2      | Learned a level 3 spell: Call Canine Familiar
  1779 | D:2      | Killed Natasha
  1780 | D:2      | Reached skill level 5 in Summonings
  1920 | D:2      | Noticed Jessica
  1941 | D:2      | Killed Jessica
  1942 | D:2      | Reached XP level 4. HP: 33/33 MP: 5/9
  2185 | D:2      | Noticed Sigmund
  2190 | D:2      | Killed Sigmund
  2191 | D:2      | Reached skill level 6 in Summonings
  2191 | D:2      | Reached XP level 5. HP: 24/38 MP: 7/10
  2344 | D:2      | Noticed Natasha
  2350 | D:2      | Killed Natasha
  2582 | D:3      | Reached XP level 6. HP: 43/45 MP: 7/11
  2620 | D:3      | Found Cuxash's Armour Shop.
  3247 | D:4      | Reached skill level 7 in Summonings
  3803 | D:4      | Reached skill level 8 in Summonings
  4160 | D:5      | Entered Level 5 of the Dungeon
  4166 | D:5      | Reached XP level 7. HP: 46/50 MP: 7/13
  4224 | D:5      | Reached skill level 2 in Dodging
  4297 | D:5      | Reached skill level 1 in Fighting
  4309 | D:5      | Noticed Dowan
  4362 | D:5      | Reached skill level 2 in Fighting
  4366 | D:5      | Reached skill level 3 in Dodging
  4499 | D:5      | Reached skill level 3 in Fighting
  5347 | D:5      | Found a runed translucent door.
  5347 | D:5      | Noticed twist's ghost (amateur GnHs)
  5427 | D:6      | Reached skill level 4 in Dodging
  5632 | D:6      | Reached XP level 8. HP: 48/64 MP: 11/14
  5809 | D:6      | Reached skill level 4 in Fighting
  5861 | D:6      | Reached skill level 5 in Dodging
  5944 | D:6      | Noticed Menkaure
  5950 | D:6      | Killed Menkaure
  5951 | D:6      | Reached skill level 5 in Fighting
  6003 | D:6      | Identified the amulet "Amyupt" {RegenMP Will+ Str+2 Int+7}
  6040 | D:6      | Found a staircase to the Ecumenical Temple.
  6551 | D:6      | Noticed a troll
  6553 | D:6      | Noticed a two-headed ogre
  6580 | D:6      | Killed a troll
  6581 | D:6      | Reached skill level 6 in Dodging
  6594 | D:6      | Killed a two-headed ogre
  6595 | D:6      | Reached skill level 6 in Fighting
  6595 | D:6      | Reached skill level 7 in Dodging
  6595 | D:6      | Reached XP level 9. HP: 63/78 MP: 15/15
  7150 | D:7      | Reached skill level 7 in Fighting
  7218 | D:7      | Found the +4 dagger "Morg" {pain, Will+ Int+5}
  7417 | D:7      | Reached skill level 8 in Dodging
  7443 | D:7      | Found a flagged portal.
  7455 | Bailey   | Entered a bailey
  7516 | Bailey   | Reached skill level 8 in Fighting
  7520 | Bailey   | HP: 8/81 [orc warrior/+0 war axe (13)]
  7736 | Bailey   | Learned a level 4 spell: Summon Lightning Spire
  7997 | Bailey   | Reached skill level 1 in Maces & Flails
  8009 | Bailey   | Reached skill level 2 in Maces & Flails
  8010 | Bailey   | HP: 11/121 [kobold brigand/+0 war axe (6)]
  8011 | Bailey   | Reached XP level 10. HP: 12/88 MP: 16/16
  8360 | D:7      | Reached skill level 3 in Maces & Flails
  8907 | D:8      | Reached skill level 4 in Maces & Flails
  9555 | D:9      | Reached skill level 5 in Maces & Flails
  9703 | D:9      | HP: 8/88 [killer bee (5)]
  9951 | D:9      | Noticed a manticore
  9965 | D:9      | Killed a manticore
  9966 | D:9      | Reached skill level 6 in Maces & Flails
 10223 | D:9      | Reached skill level 7 in Maces & Flails
 10545 | D:9      | Noticed an elephant
 10551 | D:9      | Identified the +5 scimitar "Boganeh" {drain, Stlth+}
 10696 | D:9      | Reached skill level 8 in Maces & Flails
 11073 | D:10     | Entered Level 10 of the Dungeon
 11167 | D:10     | Found a staircase to the Lair.
 11311 | D:10     | Reached XP level 11. HP: 81/94 MP: 17/17
 11436 | D:10     | Reached skill level 9 in Maces & Flails
 11563 | D:10     | Identified +0 acid dragon scales
 12247 | D:11     | Noticed a two-headed ogre
 12256 | D:11     | Killed a two-headed ogre
 12562 | D:11     | Noticed a deep elf pyromancer
 12570 | D:11     | Killed a deep elf pyromancer
 12571 | D:11     | Reached skill level 10 in Maces & Flails
 12826 | D:11     | Reached skill level 3 in Spellcasting
 13104 | D:11     | Reached skill level 9 in Summonings
 13356 | Lair:1   | Entered Level 1 of the Lair of Beasts
 13373 | Lair:1   | Reached skill level 4 in Spellcasting
 13890 | Lair:1   | Reached skill level 10 in Summonings
 14341 | Lair:2   | Found a runed translucent gate.
 14342 | Lair:2   | Found a runed translucent gate.
 14342 | Lair:2   | Found a runed translucent gate.
 14342 | Lair:2   | Noticed a minotaur
 14347 | Lair:2   | Noticed Okkes's ghost (journeyman OgSu)
 14721 | Lair:3   | Found a frozen archway.
 14784 | IceCv    | Entered an ice cave
 14960 | IceCv    | Reached skill level 9 in Fighting
 14960 | IceCv    | Reached skill level 9 in Dodging
 14960 | IceCv    | Reached XP level 12. HP: 77/104 MP: 21/21
 15181 | IceCv    | Noticed an ice dragon
 15201 | IceCv    | Killed an ice dragon
 15201 | IceCv    | Identified +0 ice dragon scales
 15289 | IceCv    | Identified a +2 robe of resistance
 15327 | IceCv    | Identified the ring "Fuesuin" {rC+ Slay+3}
 15633 | Lair:3   | Noticed a five-headed hydra
 15640 | Lair:3   | Killed a five-headed hydra
 15645 | Lair:3   | Reached skill level 10 in Fighting
 15645 | Lair:3   | Reached skill level 10 in Dodging
 15882 | Lair:3   | Found a hole to the Spider Nest.
 17173 | Lair:2   | Found a staircase to the Shoals.
 17684 | Lair:4   | Reached skill level 11 in Fighting
 17684 | Lair:4   | Reached skill level 11 in Dodging
 17830 | Lair:4   | Found a runed translucent door.
 17831 | Lair:4   | Found a staircase to the Slime Pits.
 17871 | Lair:4   | Reached XP level 13. HP: 95/116 MP: 22/22
 18043 | Lair:4   | Got the Compendium of the Flock and Transmutation
 18052 | Lair:4   | Learned a level 7 spell: Malign Gateway
 18238 | Lair:4   | Reached skill level 1 in Translocations
 18432 | Lair:4   | Reached skill level 2 in Translocations
 18771 | Lair:5   | Entered Level 5 of the Lair of Beasts
 18971 | Lair:5   | Reached skill level 3 in Translocations
 19072 | Lair:5   | Reached skill level 4 in Translocations
 19370 | Lair:5   | Reached skill level 11 in Summonings
 19462 | Lair:5   | Reached skill level 5 in Translocations
 20061 | Lair:5   | Reached skill level 6 in Translocations
 20419 | Lair:5   | Reached skill level 12 in Summonings
 20451 | Lair:5   | Identified the +6 rapier "Fudupour" {vorpal, rPois Str+5
                  | Int-4}
 20574 | Lair:5   | Identified the +6 mace of Juypn {holy, *Rage Fly Will+
                  | MP+9}
 20603 | Lair:5   | Reached skill level 7 in Translocations
 20882 | Lair:5   | Reached XP level 14. HP: 103/124 MP: 24/24
 21265 | Lair:5   | Got the Guide on Singed Terra Firma
 21577 | D:5      | Noticed Duvessa
 21587 | D:5      | Killed Duvessa
 21590 | D:5      | Killed Dowan
 21611 | D:5      | Killed twist's ghost
 21809 | D:12     | Found a staircase to the Orcish Mines.
 21836 | D:12     | Reached skill level 5 in Spellcasting
 22212 | D:12     | Reached skill level 8 in Translocations
 22528 | Orc:1    | Entered Level 1 of the Orcish Mines
 22568 | Orc:1    | Noticed Sonja
 22578 | Orc:1    | Killed Sonja
 22833 | Orc:1    | Found Gyxenn's Weapon Boutique.
 23079 | Orc:2    | Entered Level 2 of the Orcish Mines
 23081 | Orc:2    | Found a staircase to the Elven Halls.
 23134 | Orc:2    | Reached skill level 13 in Summonings
 23136 | Orc:2    | Reached skill level 6 in Spellcasting
 23987 | Orc:2    | Reached skill level 14 in Summonings
 24248 | Orc:2    | Found Uxiqanwoh's Weapon Boutique.
 24248 | Orc:2    | Found Roorasta's Jewellery Boutique.
 24249 | Orc:2    | Found Jinatotowk's Book Shoppe.
 24249 | Orc:2    | Found Tas Mum's Book Shoppe.
 24661 | Orc:2    | Learned a level 8 spell: Summon Horrible Things
 24706 | Orc:2    | Bought the ring "Duepho" {Str+4 Int+6 Dex+3 Slay+3 SInv}
                  | for 1117 gold pieces
 24798 | D:13     | Identified a scroll of acquirement
 24799 | D:13     | Acquired Fonkaiw's Treatise on the Cunning Impact
 24875 | D:13     | Found a gate to the Vaults.
 25077 | D:13     | Slain by a titanic slime creature

Vanquished Creatures
  3 hydras
  A two-headed ogre (D:6)
  A dancing weapon (D:13)
  A death yak (Lair:5)
  An orc high priest (Orc:2)
  A cyclops (D:12)
  An ugly thing (D:11)
  A manticore (Lair:5)
  An elephant (Lair:4)
  A black mamba (Lair:1)
  2 ice statues (IceCv)
  7 cane toads
  An unseen horror (D:11)
  3 rime drakes
  3 komodo dragons
  4 trolls
  4 polar bears (Lair:5)
  The ghost of twist the Vexing, an amateur GnHs (D:5)
  9 blink frogs
  2 slime creatures (D:12)
  A wind drake (Lair:2)
  3 dream sheep (Lair:5)
  2 culicivoras (Lair:3)
  2 wraiths
  5 wyverns
  A basilisk (Lair:1)
  28 yaks
  3 vampire mosquitoes (D:12)
  10 water moccasins
  2 wargs
  6 hell hounds (Lair:5)
  11 orc warriors
  5 ogres
  6 black bears
  13 wolves
  A centaur (D:7)
  2 nameless horrors
  5 kobold brigands
  6 bullfrogs
  28 killer bees
  3 howler monkeys
  A komodo dragon simulacrum (IceCv)
  A jelly (D:5)
  6 orc priests
  2 hounds
  Natasha (D:2)
  12 orc wizards
  6 hell rats (Lair:3)
  4 gnolls
  3 adders
  4 river rats (D:6)
  A shadow imp (D:8)
  A worm (D:3)
  2 dart slugs (D:1)
  19 orcs
  5 endoplasms
  A giant cockroach (D:1)
  11 goblins
  3 hobgoblins
  A jackal (D:3)
  4 quokkas
  4 ball pythons
  3 bats (D:1)
  3 frilled lizards
  10 kobolds
  13 rats
312 creatures vanquished.

Vanquished Creatures (collateral kills)
  A hydra (Lair:5)
  An ice dragon (IceCv)
  An ogre mage (Orc:2)
  A catoblepas (Lair:5)
  A boulder beetle (Lair:5)
  2 death yaks (Lair:5)
  A dancing weapon (D:13)
  7 two-headed ogres
  3 orc high priests (Orc:2)
  Sonja (Orc:1)
  A deep elf pyromancer (D:11)
  2 lindwurms
  5 orc knights
  2 wolf spiders (Lair:5)
  4 manticores
  8 orc sorcerers
  A cyclops (Orc:2)
  6 elephants
  2 black mambas (Lair:3)
  7 cane toads
  5 rime drakes
  8 komodo dragons
  6 polar bears
  A raiju (Lair:5)
  A wind drake (shapeshifter) (D:13)
  3 trolls
  3 slime creatures
  4 blink frogs
  A dream sheep (Lair:5)
  3 culicivoras (Lair:3)
  Sigmund (D:2)
  A wraith (D:7)
  6 wyverns
  A vampire (D:10)
  5 basilisks (Lair:3)
  30 yaks
  4 vampire mosquitoes (D:12)
  Menkaure (D:6)
  2 acid dragons
  5 wargs
  11 hell hounds
  7 water moccasins
  Duvessa (D:5)
  15 orc warriors
  An ice beast (D:5)
  2 sky beasts
  2 ogres
  7 black bears
  20 wolves
  3 centaurs
  2 phantoms (D:7)
  4 bullfrogs
  A gnoll sergeant (D:4)
  3 kobold brigands
  2 wyvern skeletons (D:7)
  4 wights (D:10)
  Dowan (D:5)
  18 killer bees (D:9)
  2 lindwurm simulacra (IceCv)
  4 howler monkeys
  A spectral centaur (D:7)
  4 komodo dragon simulacra (IceCv)
  3 hounds
  2 jellies (D:5)
  10 orc priests
  3 iguanas
  Jessica (D:2)
  Natasha (D:2)
  6 hell rats (Lair:3)
  16 orc wizards
  A bullfrog simulacrum (D:7)
  8 gnolls
  8 acid dragon simulacra (IceCv)
  6 adders
  4 river rats (D:6)
  A shadow imp (D:6)
  6 steam dragon simulacra (IceCv)
  A worm (D:2)
  3 dart slugs
  28 orcs
  3 endoplasms
  3 goblins
  3 hobgoblins
  4 jackals (D:3)
  3 quokkas (D:6)
  2 ball pythons
  3 bats
  4 frilled lizards
  12 kobolds
  8 rats
  A butterfly (D:6)
417 creatures vanquished.

Vanquished Creatures (others)
  15 eldritch tentacles
  A rime drake (IceCv)
  An orc wizard (Orc:2)
  2 orcs
  48 fungi
  35 plants
  22 withered plants (D:7)
124 creatures vanquished.

Grand Total: 853 creatures vanquished
